 Dungeon Crawl Stone Soup version 0.29.1-4-g47bece8355 (webtiles) character file.

Game seed: 14431450971158454388

146 safid the Shooter (level 5, -2/47 HPs)
             Began as a Minotaur Hunter on Dec 1, 2022.
             Slain by an orc wizard
             ... wielding a +0 dagger
              (4 damage)
             ... on level 4 of the Dungeon.
             The game lasted 00:03:45 (2860 turns).

safid the Shooter (Minotaur Hunter)                 Turns: 2860, Time: 00:03:45

Health: -2/47      AC:  3    Str: 15    XL:     5   Next: 7%
Magic:  4/4        EV: 12    Int:  6    God:
Gold:   157        SH:  0    Dex: 16    Spells: 4/4 levels left

rFire   + . .      SeeInvis .   a - +0 shortbow
rCold   . . .      Faith    .   (shield currently unavailable)
rNeg    . . .      Spirit   .   c - +0 leather armour
rPois   .          Reflect  .   (helmet restricted)
rElec   .          Harm     .   (no cloak)
rCorr   .          Rampage  .   (no gloves)
Will    .....                   (no boots)
Stlth   +.........              (no amulet)
HPRegen 0.15/turn               d - ring of protection from fire
MPRegen 0.09/turn               (no ring)

@: confused, attractive, flying, invisible
A: horns 2, retaliatory headbutt
a: no special abilities


You were on level 4 of the Dungeon.
You visited 1 branch of the dungeon, and saw 4 of its levels.

You collected 157 gold pieces.

Inventory:

Hand Weapons
 a - a +0 shortbow (weapon)
Missiles
 g - 2 throwing nets
Armour
 c - a +0 leather armour (worn)
Jewellery
 d - a ring of protection from fire (left hand)
 f - a ring of willpower
 i - a ring of wizardry
 r - a ring of flight
 s - an amulet of regeneration
Scrolls
 b - a scroll of immolation
 e - 4 scrolls of identify {unknown}
 h - 2 scrolls of butterflies {unknown}
 l - 2 scrolls of teleportation {unknown}
 m - a scroll of brand weapon {unknown}
 p - a scroll of magic mapping {unknown}
 u - a scroll of enchant weapon {unknown}
Potions
 k - 4 potions of attraction
 o - a potion of lignification {unknown}
 q - a potion of curing {unknown}
 t - a potion of heal wounds {unknown}


   Skills:
 + Level 4.8 Fighting
 + Level 5.8 Ranged Weapons
 - Level 2.1 Dodging
 - Level 0.7 Stealth


You had 4 spell levels left.
You didn't know any spells.
Your spell library contained the following spells:

 Spells                   Type           Power      Damage    Failure   Level
 Beastly Appendage        Tmut           0%         N/A       52%         1
 Slow                     Hex            0%         N/A       52%         1
 Wereblood                Tmut           0%         N/A       67%         2
 Confusing Touch          Hex            0%         N/A       88%         3
 Gell's Gravitas          Tloc           0%         N/A       88%         3
 Lesser Beckoning         Tloc           0%         N/A       88%         3
 Portal Projectile        Hex/Tloc       0%         N/A       88%         3
 Spider Form              Tmut/Pois      0%         N/A       88%         3
 Teleport Other           Tloc           0%         N/A       88%         3
 Tukima's Dance           Hex            0%         N/A       88%         3
 Vampiric Draining        Necr           0%         2d6       88%         3
 Blade Hands              Tmut           0%         N/A       100%        5


Dungeon Overview and Level Annotations

Branches:
Dungeon (4/15)
 Temple: D:4-7

Altars:

Annotations:
D:3 1 runed translucent door, Grokii's ghost, amateur HOFi


Innate Abilities, Weirdness & Mutations

You have a pair of horns on your head.
You reflexively headbutt those who attack you in melee.


Message History

Unknown command.
Unknown command.
Unknown command.
Unknown command.
Unknown command.
Unknown command.
Unknown command.
Unknown command.
Non-targeted confused fire: a) +0 shortbow
Press: ? - help, Q - select action, (/) - cycle Dir - look around, f - activate You shoot an arrow.
The orc hits you with a +0 dagger.
* * * LOW HITPOINT WARNING * * *
The shadow imp hits you but does no damage.
Something barely misses you.
Unknown command.
Unknown command.
You are too confused!
Unknown command.
Unknown command.
It was a potion of attraction.
You feel attractive to monsters. The orc hits you but does no damage.
Something hits you but does no damage. The shadow imp hits you.
* * * LOW HITPOINT WARNING * * *
Unknown command.
It was a potion of flight.
You feel very buoyant.
You fly up into the air.
The shadow imp hits you but does no damage.
The orc hits you with a +0 dagger.
* * * LOW HITPOINT WARNING * * *
You hear some strange, mumbled words.
A puff of flame appears from out of thin air!
The puff of flame misses you.
It was a potion of invisibility.
You fade into invisibility!
An ufetubus comes into view.
The orc barely misses you. Something hits you.
You die...

#..PP§..#
####......
#§§≈§§..####.....#
#..≈§§....##l.)###
#.P..§.......### ##
###.####..#.## .♣#
#.........### .P#
##...>.#...lo#
.P###..#########{##
..#...## #@o#
.......## ##55..#
........# .##....
..(.....# .# ..5
....<...# ## .#
......)## #
..#...## #######


You could see an iguana (unable to see you), a shadow imp (unable to see you), 2
orcs and 2 ufetubi.

Vanquished Creatures
  2 adders (D:3)
  2 shadow imps
  An ufetubus (D:4)
  5 worms
  3 dart slugs
  2 orcs
  7 ball pythons
  7 endoplasms
  3 giant cockroaches
  5 hobgoblins
  4 jackals
  3 quokkas
  12 bats
  3 frilled lizards
  14 goblins
  6 kobolds
  5 rats
84 creatures vanquished.

Vanquished Creatures (others)
  2 demonic plants (D:4)
2 creatures vanquished.

Grand Total: 86 creatures vanquished

Notes
Turn   | Place    | Note
-------+----------+-------------------------------------------
     0 | D:1      | safid the Minotaur Hunter began the quest for the Orb.
     0 | D:1      | Reached XP level 1. HP: 18/18 MP: 0/0
   230 | D:1      | Reached XP level 2. HP: 25/25 MP: 1/1
   786 | D:1      | Reached skill level 5 in Ranged Weapons
   786 | D:1      | Reached XP level 3. HP: 21/31 MP: 2/2
  1587 | D:2      | Reached XP level 4. HP: 30/40 MP: 3/3
  2134 | D:3      | Found a runed translucent door.
  2134 | D:3      | Noticed Grokii's ghost (amateur HOFi)
  2758 | D:4      | Reached XP level 5. HP: 39/47 MP: 4/4
  2859 | D:4      | HP: 2/47 [orc/+0 dagger (3)]
  2860 | D:4      | Slain by an orc wizard

Illustrated notes

Levels and vault maps discovered:
D:1:      spicycebolla_green_bress_n_ham_2, layout_basic, minmay_3d_cube
D:2:      kennysheep_big_flooded_room, layout_basic, minmay_pentomino_r4
D:3:      layout_basic, hellmonk_ghost_happy_afterlife, minivault_11
D:4:      layout_rooms, serial_demonic, serial_demonic_a, serial_demonic_g,
          serial_demonic_g, serial_demonic_g, serial_demonic_a,
          serial_demonic_f, serial_demonic_c, serial_demonic_g

Skill      XL: |  1  2  3 |
---------------+----------+-----
Fighting       | 3 4 |  4.8
Ranged Weapons | 5 |  5.8
Dodging        | |  2.1
Stealth        | |  0.7

Action                   |  1- 3 |  4- 6 || total
-------------------------+-------+-------++-------
Melee: Shortbow          |       |     2 ||     2
       Headbutt          |       |     1 ||     1
 Fire: Shortbow          |   159 |   107 ||   266
  Use: Potion            |       |     3 ||     3
Armor: Leather armour    |    37 |    20 ||    57
Dodge: Dodged            |    51 |    43 ||    94
